 Dungeon Crawl Stone Soup version 0.31-a0-246-g8cbcc1cb85 (webtiles) character file.

Game seed: 415703994175446795

32 qw the Shooter (level 3, -1/21 HPs)
             Began as a Gargoyle Hexslinger on July 12, 2023.
             Slain by a worm (8 damage)
             ... on level 2 of the Dungeon.
             The game lasted 00:00:21 (966 turns).

qw the Shooter (Gargoyle Hexslinger)                 Turns: 966, Time: 00:00:22

Health: -1/21      AC: 12    Str: 11    XL:     3   Next: 27%
Magic:  4/4        EV: 10    Int: 13    God:
Gold:   33         SH:  0    Dex: 14    Spells: 3/4 levels left

rFire   . . .        Y - +2 sling
rCold   + . .        (no shield)
rNeg    + . .        f - +0 ring mail
rPois   inf          (no helmet)
rElec   +            (no cloak)
rCorr   .            (no gloves)
SInv    .            (no boots)
Will    .....        (no amulet)
Stlth   +            g - ring of protection from cold
HPRegen 0.23/turn    l - +4 ring of protection
MPRegen 0.09/turn

%: no passive effects
@: no status effects
A: sickness immunity, AC +3, negative energy resistance 1, electricity
resistance, torment resistance 1, petrification resistance
a: no special abilities


You were on level 2 of the Dungeon.
You visited 1 branch of the dungeon, and saw 2 of its levels.

You collected 33 gold pieces.


Innate Abilities, Weirdness & Mutations

You are immune to sickness and miasma.
Your stone body is resilient. (AC +3)
You are immune to poison.
You resist negative energy. (rN+)
You are resistant to electric shocks. (rElec)
You are resistant to unholy torment.
You are immune to petrification.


   Skills:
 - Level 2.0 Fighting
 + Level 3.2 Ranged Weapons
 - Level 1.5 Dodging
 - Level 1.0 Spellcasting
 - Level 2.6 Hexes


You had 3 spell levels left.
You knew the following spells:

 Your Spells              Type           Power      Damage    Failure   Level
a - Slow                  Hex            28%        N/A       22%         1

Your spell library contained the following spells:

 Spells                   Type           Power      Damage    Failure   Level
 Inner Flame              Hex/Fire       4%         N/A       75%         3
 Portal Projectile        Hex/Tloc       8%         N/A       75%         3
 Cause Fear               Hex            3%         N/A       92%         4

Inventory:

Hand Weapons
 Y - a +2 sling (weapon)
Armour
 f - a +0 ring mail (worn)
Jewellery
 g - a ring of protection from cold (left hand)
 l - a +4 ring of protection (right hand)
Potions
 k - a potion of curing {unknown}

Dungeon Overview and Level Annotations

Branches:
Dungeon (2/15)

Altars:


Message History

You shoot a sling bullet.
The sling bullet hits the frilled lizard.
You kill the frilled lizard!
You now have 33 gold pieces (gained 7).
A goblin comes into view. It is wielding a +0 club.
Found a stone staircase leading down.
You shoot a sling bullet. The sling bullet hits the goblin!
You kill the goblin!
Found a hand axe.
A worm comes into view.
You see here 10 gold pieces.
Enter note: You shoot a sling bullet.
The sling bullet hits the worm.
The worm is moderately wounded.
You shoot a sling bullet.
The sling bullet barely misses the worm.
You shoot a sling bullet. The sling bullet hits the worm.
The worm is moderately wounded.
You shoot a sling bullet.
The sling bullet barely misses the worm.
You shoot a sling bullet.
The sling bullet barely misses the worm.
You shoot a sling bullet. The sling bullet hits the worm.
The worm is moderately wounded.
The worm bites you but does no damage.
You shoot a sling bullet. The sling bullet hits the worm.
The worm is heavily wounded.
The worm barely misses you.
You shoot a sling bullet.
The sling bullet barely misses the worm.
The worm bites you!
You shoot a sling bullet.
The sling bullet barely misses the worm.
You shoot a sling bullet.
The sling bullet barely misses the worm.
The worm bites you.
You shoot a sling bullet. The sling bullet hits the worm!
The worm is severely wounded.
The worm bites you!
You die...

# ###. . ##...# .#
##....##### ...
#......... ...#
###........#.....
.....>#.#........
#....).@w....).
###.......#......
#.........#..?...
#.##.........#...
####.##..##.........
#...........##.....#
#.##.###.##........
#.##.##......#.....
#....##....%.......


You could see a worm.

Vanquished Creatures
  An adder (D:1)
  2 dart slugs
  A ball python (D:1)
  2 bats (D:1)
  2 endoplasms (D:1)
  2 giant cockroaches (D:1)
  2 goblins
  A hobgoblin (D:1)
  2 quokkas
  A frilled lizard (D:2)
  A kobold (D:1)
17 creatures vanquished.

Notes
Turn   | Place    | Note
-------+----------+-------------------------------------------
     0 | D:1      | qw the Gargoyle Hexslinger began the quest for the Orb.
     0 | D:1      | Reached XP level 1. HP: 12/12 MP: 2/2
     0 | D:1      | 0 ||| qw: Version: 0.3-a-52-g30416fa
     0 | D:1      | 0 ||| qw: Game counter: 6316
     0 | D:1      | 0 ||| qw: Melee chars always use a shield: true
     0 | D:1      | 0 ||| qw: God list: Okawaru
     0 | D:1      | 0 ||| qw: Allow faded altars: false
     0 | D:1      | 0 ||| qw: Do Orc after clearing Dungeon:15 true
     0 | D:1      | 0 ||| qw: Do second Lair branch before Depths: true
     0 | D:1      | 0 ||| qw: Lair rune preference: random
     0 | D:1      | 0 ||| qw: Goals: Normal
     0 | D:1      | 0 ||| PLANNING D:1-11
   295 | D:1      | Reached XP level 2. HP: 16/16 MP: 3/3
   489 | D:1      | Reached skill level 3 in Ranged Weapons
   811 | D:1      | 811 ||| UPGRADING to +0 leather armour.
   821 | D:1      | 821 ||| DROPPING +0 robe.
   822 | D:1      | 822 ||| UPGRADING to +0 ring mail.
   832 | D:1      | 832 ||| DROPPING +0 leather armour.
   833 | D:1      | 833 ||| UPGRADING to ring of protection from cold.
   834 | D:1      | 834 ||| UPGRADING to +4 ring of protection.
   835 | D:1      | 835 ||| READING scroll labelled HADAIG KOLU.
   836 | D:1      | 836 ||| READING scroll labelled NECHYUDD AZOTH.
   837 | D:1      | 837 ||| READING scroll labelled HOKIFUTUYR.
   838 | D:1      | 838 ||| READING scroll labelled BUIHAR NOFECKAFE.
   839 | D:1      | 839 ||| DROPPING scroll of poison.
   855 | D:2      | 855 ||| STAIRDANCE
   867 | D:1      | Reached XP level 3. HP: 14/21 MP: 4/4
   905 | D:2      | 905 ||| STAIRDANCE
   966 | D:2      | Slain by a worm

Levels and vault maps discovered:
D:1:      mushboom_english_gardens, layout_basic, st_stairs_8
D:2:      layout_basic

Skill      XL: |  1  2 |
---------------+-------+-----
Ranged Weapons | 3 |  3.2
Fighting       | 2 |  2.0
Dodging        | |  1.5
Spellcasting   | |  1.0
Hexes          | |  2.6

Action                     || total
---------------------------++-------
   Fire: Sling             ||    81
    Use: Scroll            ||     4
 Armour: Robe              ||     5
         Ring mail         ||    21
  Dodge: Dodged            ||    57

Table legend:
 A = Non-vault XP
 B = Vault XP
 C = Vault XP percentage of total XP
 D = Non-vault monster count
 E = Vault monster count
 F = Vault count percentage of total count
                 A         B        C        D         E       F
            +---------+---------+-------+---------+---------+-------
      Total |      44 |       3 |   6.4 |      15 |       2 |  11.8
            +---------+---------+-------+---------+---------+-------
        D:1 |      35 |       3 |   7.9 |      11 |       2 |  15.4
        D:2 |       9 |       0 |   0.0 |       4 |       0 |   0.0
            +---------+---------+-------+---------+---------+-------
